 Dungeon Crawl Stone Soup version 0.30-a0-347-gf58ed5266c (webtiles) character file.

Game seed: 13953816665708073707

61852 mcwallace the Devastator (level 15, -5/72 HPs)
             Began as a Vine Stalker Fighter on Nov 6, 2022.
             Was a High Priest of the Shining One.
             Shot with an arrow by a centaur warrior (16 damage)
             ... on level 13 of the Dungeon.
             The game lasted 01:16:39 (20644 turns).

mcwallace the Devastator (Vine Stalker Fighter)    Turns: 20644, Time: 01:16:39

Health: -5/72      AC: 17    Str: 28    XL:     15   Next: 4%
Magic:  0/47       EV: 11    Int: 14    God:    the Shining One [*****.]
Gold:   1964       SH:  7    Dex: 15    Spells: 15/32 levels left

rFire   . . .      SeeInvis .    z - +10 long sword of Ocwucu Gofre {venom, rF- Str+5, long}
rCold   . . .      Faith    .    A - +2 buckler
rNeg    + + .      Spirit   +    l - +3 troll leather armour {Snorg}
rPois   .          Reflect  .    U - +1 helmet
rElec   +          Harm     .    T - +2 cloak
rCorr   .          Rampage  .    X - +0 pair of gloves
Will    +....                    G - +2 pair of boots
Stlth   +.........               a - amulet of Kieq {Acrobat MP+9 Str+4 Stlth+}
HPRegen 1.92/turn                m - ring of Kouwk {rElec rF+}
MPRegen 0.30/turn                O - ring of magical power

@: glowing
A: fangs 3, regeneration 1, magic shield, antimagic bite, no potion heal 2
a: Renounce Religion, Divine Shield, Cleansing Flame, Summon Divine Warrior


You were on level 13 of the Dungeon.
You worshipped the Shining One.
The Shining One was extremely pleased with you.
You visited 4 branches of the dungeon, and saw 21 of its levels.
You also visited: Ossuary and Gauntlet.

You collected 1964 gold pieces.


Innate Abilities, Weirdness & Mutations

You have razor-sharp teeth.
Your natural rate of healing is unusually fast.
When hurt, damage is shared between your health and your magic reserves.
Your bite disrupts and absorbs the magic of your enemies.
Potions cannot restore your health.


   Skills:
 - Level 5.0 Fighting
 - Level 4.5 Short Blades
 - Level 3.0 Armour
 + Level 1.9 Dodging
 - Level 3.2 Shields
 + Level 9.1 Spellcasting
 - Level 19.4 Conjurations
 + Level 1.5 Transmutations
 + Level 11.0 Invocations
 - Level 5.0 Evocations


You had 15 spell levels left.
You knew the following spells:

 Your Spells              Type           Power      Damage    Failure   Level
a - Foxfire               Conj/Fire      100%       2x1d9     1%          1
b - Orb of Destruction    Conj           28%        9d9       4%          7
c - Iskenderun's Battles  Conj           57%        2d11      1%          5
d - Flame Wave            Conj/Fire      33%        2d10      3%          4

Your spell library contained the following spells:

 Spells                   Type           Power      Damage    Failure   Level
 Static Discharge         Conj/Air       66%        2-5/arc   1%          2
 Dazzling Flash           Conj/Hex       66%        N/A       1%          3
 Hailstorm                Conj/Ice       33%        3d8       1%          3
 Sticky Flame             Conj/Fire      33%        2d5       3%          4
 Irradiate                Conj/Tmut      17%        3d17      6%          5
 Arcjolt                  Conj/Air       16%        1d26      9%          5
 Fireball                 Conj/Fire      16%        3d8       9%          5
 Lightning Bolt           Conj/Air       16%        1d30      9%          5
 Apportation              Tloc           12%        N/A       17%         1
 Freeze                   Ice            24%        1d4       17%         1
 Sandblast                Erth           12%        2d6       17%         1
 Conjure Ball Lightning   Conj/Air       16%        3x3d6     43%         6
 Iron Shot                Conj/Erth      16%        9d4       43%         6
 Starburst                Conj/Fire      16%        6d6       43%         6
 Frozen Ramparts          Ice            12%        1d2       45%         3
 Gell's Gravitas          Tloc           6%         N/A       45%         3
 Inner Flame              Hex/Fire       6%         N/A       45%         3
 Teleport Other           Tloc           6%         N/A       45%         3
 Tukima's Dance           Hex            6%         N/A       45%         3
 Vhi's Electric Charge    Tloc/Air       12%        N/A       45%         3
 Airstrike                Air            3%         2d(1-17)  86%         4
 Anguish                  Hex/Necr       3%         N/A       86%         4
 Leda's Liquefaction      Hex/Erth       3%         N/A       86%         4
 Passage of Golubria      Tloc           6%         N/A       86%         4
 Summon Lightning Spire   Summ/Air       6%         N/A       86%         4
 Blade Hands              Tmut           5%         N/A       94%         5
 Alistair's Intoxication  Tmut/Pois      5%         N/A       98%         5
 Yara's Violent Unravell  Hex/Tmut       4%         3d4       98%         5
 Agony                    Necr           6%         N/A       99%         5
 Borgnjor's Vile Clutch   Necr/Erth      3%         N/A       99%         5
 Silence                  Hex/Air        3%         N/A       99%         5
 Dispersal                Tloc           3%         N/A       100%        6
 Dragon Form              Tmut           5%         N/A       100%        7
 Enfeeble                 Hex            3%         N/A       100%        7

Inventory:

Hand Weapons
 z - the +10 long sword of Ocwucu Gofre (weapon) {venom, rF- Str+5, long}
   (You found it on level 4 of the Lair of Beasts)

   It poisons the flesh of those it strikes.
   Str:       It affects your strength (+5).
   rF:        It makes you vulnerable to fire.
 B - the +8 morningstar of the Cursing Gods {protect, rF+ rC- Int+7, mace}
   (You took it off a minotaur in a Gauntlet)

   It grants its wielder temporary protection when it strikes (+7 to AC).
   Int:       It affects your intelligence (+7).
   rF:        It protects you from fire.
   rC:        It makes you vulnerable to cold.
Armour
 l - a +3 troll leather armour (worn) {Snorg}
   (You found it on level 4 of the Lair of Beasts)
 A - a +2 buckler (worn)
   (You found it on level 3 of the Dungeon)
 G - a +2 pair of boots (worn)
   (You found it on level 12 of the Dungeon)
 T - a +2 cloak (worn)
   (You took it off Crazy Yiuf on level 4 of the Dungeon)
 U - a +1 helmet (worn)
   (You found it on level 1 of the Lair of Beasts)
 X - a +0 pair of gloves (worn)
   (You found it on level 7 of the Dungeon)
Jewellery
 a - the amulet of Kieq (around neck) {Acrobat MP+9 Str+4 Stlth+}
   (You found it in a Gauntlet)

   [amulet of the acrobat]

   It increases your evasion while moving and waiting.
   Str:       It affects your strength (+4).
   MP:        It affects your magic capacity (+9).
   Stlth:     It makes you more stealthy.
 m - the ring of Kouwk (left hand) {rElec rF+}
   (You found it on level 11 of the Dungeon)

   [ring of protection from fire]

   rF:        It protects you from fire.
   rElec:     It insulates you from electricity.
 n - a ring of resist corrosion
   (You found it on level 1 of the Dungeon)
 D - a ring of protection from cold
   (You found it in a Gauntlet)
 F - an amulet of reflection
   (You found it on level 7 of the Dungeon)
 O - a ring of magical power (right hand)
   (You found it on level 5 of the Dungeon)
 R - a ring of willpower
   (You found it on level 8 of the Dungeon)
 W - a ring of poison resistance
   (You found it on level 6 of the Dungeon)
 Y - a ring of flight
   (You found it on level 3 of the Lair of Beasts)
Wands
 E - a wand of quicksilver (29)
   (You found it on level 9 of the Dungeon)
 H - a wand of paralysis (28)
   (You found it on level 4 of the Dungeon)
 I - a wand of flame (51)
   (You found it on level 7 of the Dungeon)
Scrolls
 f - 6 scrolls of fear
 h - 3 scrolls of amnesia
 j - 5 scrolls of poison {!r}
 k - 2 scrolls of brand weapon
 o - 5 scrolls of butterflies
 p - 4 scrolls of vulnerability {!r!r}
 s - 3 scrolls of blinking {!r}
 u - 2 scrolls of enchant armour {unknown}
 w - 7 scrolls of teleportation {@r4}
 y - a scroll of torment {unknown}
 C - 3 scrolls of silence {!r}
 N - 2 scrolls of enchant weapon
 P - a scroll of magic mapping {unknown}
 V - 3 scrolls of immolation {!r!r}
 Z - 2 scrolls of acquirement {unknown}
Potions
 b - 3 potions of cancellation {unknown}
 c - 11 potions of flight
 d - 5 potions of might
 g - 5 potions of mutation {unknown}
 i - 6 potions of brilliance {unknown}
 q - 5 potions of degeneration {unknown}
 t - 6 potions of attraction {unknown}
 v - a potion of experience {unknown}
 x - 3 potions of lignification {unknown}
 J - 2 potions of invisibility {unknown}
 K - a potion of resistance {unknown}
 L - 5 potions of heal wounds {unknown}
 M - 3 potions of curing {@q1}
 Q - a potion of haste {unknown}
Miscellaneous
 e - a phial of floods
   (You found it in a Gauntlet)
 r - a box of beasts
   (You found it in a Gauntlet)
 S - a tin of tremorstones (2/2) {throwing}
   (You found it on level 5 of the Lair of Beasts)

Dungeon Overview and Level Annotations

Branches:
Dungeon (13/15) Zot: 26844  Temple (1/1) D:6 Zot: 5925    Lair (5/5) D:10 Zot: 23754
  Swamp (0/4) Lair:2        Snake (0/4) Lair:2        Slime (0/5) Lair:5
    Orc (2/2) D:12 Zot: 9554     Elf (0/3) Orc:2       Ossuary (visited)
Gauntlet (visited)
 Vaults: D:13-14

Altars:
Ashenzari
Cheibriados
Dithmenos
Elyvilon
Fedhas
Gozag
Hepliaklqana
Kikubaaqudgha
Nemelex Xobeh
Okawaru
Qazlal
Sif Muna
Trog
Uskayaw
Vehumet
Wu Jian
Xom
Yredelemnul
Zin
The Shining One
Jiyva

Shops:
Orc:2 *[!*

Annotations:
D:13 Jorgrun

...).......#.......
...........'..#
......†....#..# #
...#####...#..#######.#
#...#........#.##.#
#...#..............
#...............c..
#...#.###..........
#....@..#..........
#.......#<..c...#
#...........T..#
#####...#.#c#.....
#...#.JJJ...... ...#
#...#.#....#... ...#
#.).#.#.#..# ...#
#########...#.#.....>
...#
#...........#.#.#.....


You could see 2 slime creatures and a centaur warrior.


Message History

Found a stone staircase leading down.
A wave of flame ripples out!
The flame wave engulfs the slime creature.
The flame wave engulfs the slime creature! x2
The flame wave engulfs Jorgrun.
The flame wave engulfs the slime creature!
The flame wave engulfs the centaur warrior.
You finish channelling waves of flame.
Jorgrun gestures next to you while chanting.
Some rock shatters into small pieces.
The slime creature hits you. The slime creature misses you.
You block the slime creature's attack.
Two slime creatures merge to form a large slime creature.
A centaur comes into view. 😕 HP[-4] MP[-2]
You take 4 damage, and now have 68/72 hp.
You lost 2 mp, and now have 12/47 mp.
Jorgrun casts a spell at you.
Roots burst forth from the earth!
The grasping roots grab you! The grasping roots constrict you!
The slime creature hits you but does no damage.
You block the slime creature's attack.
The centaur warrior wields a +0 longbow.
The centaur warrior shoots an arrow.
The arrow hits you! 😮 HP[-16] MP[-2]
You take 16 damage, and now have 52/72 hp.
MASSIVE DAMAGE!! (PAUSE)
You lost 2 mp, and now have 10/47 mp.
Casting: Flame Wave (dangerous; 3% risk of failure)
Confirm with . or Enter, or press ? or * to list all spells.
Casting: Flame Wave (dangerous; 3% risk of failure)
Press: ? - help, Dir - look around, f - activate A wave of flame ripples out!
The flame wave engulfs the slime creature! x2
The flame wave engulfs the large slime creature! (Press . to intensify the flame waves.)
A centaur comes into view.
The grasping roots constrict you!
The slime creature hits you but does no damage.
The slime creature hits you. 😮 HP[-10] MP[-5]
You take 10 damage, and now have 42/72 hp.
You lost 5 mp, and now have 5/47 mp.
A wave of flame ripples out!
The flame wave engulfs Jorgrun.
The flame wave engulfs the centaur warrior!
The flame wave engulfs the slime creature.
The flame wave engulfs the slime creature!!
The flame wave engulfs the large slime creature!
The centaur warrior unwields a +0 longbow.
The centaur warrior hits you but does no damage.
The centaur warrior kicks you but does no damage.
The slime creature barely misses you.
Jorgrun points at you and mumbles some strange words.
You easily resist.
The grasping roots constrict you!
* * * LOW HITPOINT WARNING * * *
The slime creature hits you but does no damage.
You block the large slime creature's attack.
You block the centaur warrior's attack.
The centaur warrior kicks you but does no damage. 😨 HP[-8] MP[-2]
You take 8 damage, and now have 34/72 hp.
You lost 2 mp, and now have 3/47 mp.
A wave of flame ripples out!
The flame wave engulfs Jorgrun!
The flame wave engulfs the centaur warrior.
The flame wave engulfs the slime creature! x2
You kill the slime creature!
The flame wave engulfs the large slime creature!
The flame wave engulfs the troll!
The flame wave engulfs the centaur!
You finish channelling waves of flame.
The centaur wields a +0 shortbow.
The centaur shoots an arrow.
The arrow hits you but does no damage. The centaur warrior hits you!
* * * LOW HITPOINT WARNING * * *
You block the centaur warrior's attack.
Jorgrun points at you and mumbles some strange words.
You easily resist.
The grasping roots constrict you!
* * * LOW HITPOINT WARNING * * *
The slime creature hits you! The Shining One protects you from harm!
The large slime creature hits you.
* * * LOW HITPOINT WARNING * * *
😱 HP[-25] MP[-3]
You take 25 damage, and now have 9/72 hp.
MASSIVE DAMAGE!! (PAUSE)
You lost 3 mp, and now have 0/47 mp.
Okay, then.
Casting: Flame Wave (dangerous; 3% risk of failure)
Confirm with . or Enter, or press ? or * to list all spells.
Okay, then.
Really read
s - 4 scrolls of blinking {!r}? [Y]es or [N]o only, please.
Really read
s - 4 scrolls of blinking {!r}? [Y]es or [N]o only, please.
Really read
s - 4 scrolls of blinking {!r}?
Blink to where?
Press: ? - help, Dir - move target You escape the roots grasp.
As you read the scroll of blinking {!r}, it crumbles to dust.
The centaur warrior wields a +0 longbow.
The centaur warrior shoots an arrow.
The arrow hits you!
You die...

Skill      XL: |  1  2  3  4  5  6  7  8  9 10 11 12 13 14 15 |
---------------+----------------------------------------------+-----
Short Blades   | 2 3 4 |  4.5
Shields        | 3 |  3.2
Fighting       | 3 4 5 |  5.0
Spellcasting   | 1 2 3 4 5 7 9 |  9.1
Dodging        | 1 |  1.9
Armour         | 3 |  3.0
Conjurations   | 1 3 5 7 10 14 17 19 | 19.4
Invocations    | 1 3 5 7 9 10 11 | 11.0
Evocations     | 1 2 3 5 |  5.0
Transmutations | 1 |  1.5

Action                   |  1- 3 |  4- 6 |  7- 9 | 10-12 | 13-15 || total
-------------------------+-------+-------+-------+-------+-------++-------
Melee: Rapier            |    98 |   181 |   271 |   520 |       ||  1070
       Bite              |    27 |    71 |   123 |   272 |   308 ||   801
       Long sword        |       |       |       |    82 |   620 ||   702
Throw: Stone             |       |       |       |     1 |       ||     1
 Cast: Foxfire           |       |       |       |    66 |    10 ||    76
       Orb of Destructio |       |       |       |       |    34 ||    34
       Iskenderun's Batt |       |       |       |       |     4 ||     4
       Flame Wave        |       |       |       |       |     5 ||     5
Invok: Divine Shield     |       |       |       |       |     2 ||     2
       Summon Divine War |       |       |       |       |     2 ||     2
       Cleansing Flame   |       |       |       |       |     6 ||     6
Evoke: Wand              |       |     3 |     4 |       |       ||     7
  Use: Scroll            |     1 |     1 |     6 |     5 |     3 ||    16
       Potion            |       |       |       |     1 |       ||     1
Armor: Scale mail        |    39 |    53 |    48 |       |       ||   140
       Leather armour    |       |       |    37 |   218 |       ||   255
       Troll leather arm |       |       |       |    28 |   347 ||   375
Dodge: Dodged            |    34 |    63 |    91 |   260 |   509 ||   957
Block: Buckler           |    14 |    43 |    85 |   407 |   426 ||   975
       Reflection        |       |       |       |     7 |     2 ||     9

Levels and vault maps discovered:
D:1:      amcnicky_arrival_underground_garden, layout_basic
D:2:      layout_basic
D:3:      layout_basic, mainiacjoe_overflow_large_starburst,
          kennysheep_generic_room_14
D:4:      layout_layer_cave, grunt_temple_overflow_gold_and_silver,
          ebering_dispersal_statue_hall, grunt_decor_mini_mirrors,
          uniq_crazy_yiuf_cottage
D:5:      nicolae_cairo_tiling_very_big, layout_loops_ring, uniq_eustachio
D:6:      layout_gridville, fedhas_altar_1, lemuel_tele_altar,
          minmay_temple_entry_drinking_statues, nicolae_ossuary_entry_plus,
          uniq_edmund
D:7:      minmay_spotlight, layout_loops_corners, old_standard_altar,
          mainiacjoe_overflow_alcove_4, uniq_joseph
D:8:      layout_cave_pools, serial_gnoll_camp, gnoll_camp_mini_loothouse,
          gnoll_camp_mini_house, gnoll_camp_mini_house, gnoll_camp_mini_hut
D:9:      layout_gridville, vehumet_altar_wand_db, kennysheep_another_room
D:10:     layout_basic, amethyst_overflow_temple_binary,
          lemuel_zombie_altar_yredelemnul, david_lair_shrubbed
D:11:     layout_cross, ebering_ghost_reflecting_pool, gauntlet_entry_generic,
          minmay_diamond_spiral
D:12:     layout_roguey, orc_0_dummy, hellmonk_ghost_big_iron
D:13:     kennysheep_blocky_hall, layout_basic, grunt_potential, uniq_sonja,
          uniq_jorgrun
Temple:   jpeg_temple_alley_garden
Lair:1:   layout_concentric_octagons
Lair:2:   layout_regular_city, skrybe_swamp_entry_bodies,
          guppyfry_snake_entry_island
Lair:3:   layout_chaotic_city, grunt_megastairs_1, lemuel_fruit_tree
Lair:4:   layout_cave_pods, uniq_snorg
Lair:5:   evilmike_catoblepas_cave, layout_big_grid, slime_entry_1,
          lemuel_fruit_fields, uniq_rupert, uniq_nessos
Orc:1:    layout_caves
Orc:2:    st_orc_rangers, layout_diamond_mine

Notes
Turn   | Place    | Note
-------+----------+-------------------------------------------
     0 | D:1      | mcwallace the Vine Stalker Fighter began the quest for the
                  | Orb.
     0 | D:1      | Reached XP level 1. HP: 11/11 MP: 2/2
     0 | D:1      | magus.rc [v1.9.6]
   128 | D:1      | Reached XP level 2. HP: 16/16 MP: 3/3
   567 | D:1      | Reached skill level 2 in Short Blades
   774 | D:2      | Reached XP level 3. HP: 11/19 MP: 2/4
   901 | D:2      | Reached skill level 3 in Shields
   948 | D:2      | You add the spells Gell's Gravitas, Teleport Other and
                  | Dispersal to your library.
  1248 | D:2      | Reached skill level 3 in Fighting
  1249 | D:2      | Reached skill level 1 in Spellcasting
  1530 | D:3      | Reached skill level 1 in Dodging
  1530 | D:3      | Gained mutation: Your natural rate of healing is unusually
                  | fast. [Vine Stalker growth]
  1530 | D:3      | Reached XP level 4. HP: 24/24 MP: 6/6
  1713 | D:3      | Found a stormy altar of Qazlal.
  1738 | D:3      | Found a broken altar of Ashenzari.
  1897 | D:3      | You pick up a book of the Senses and begin reading...
  1897 | D:3      | You add the spells Dazzling Flash, Agony and Silence to
                  | your library.
  2072 | D:3      | HP: 6/24 [gnoll/+0 halberd (2)]
  2078 | D:3      | Reached XP level 5. HP: 11/28 MP: 2/8
  2855 | D:4      | Reached skill level 3 in Armour
  2873 | D:4      | You fall into a shaft and drop 3 floors!
  2977 | D:7      | You pick up a book of the Spheres and begin reading...
  2977 | D:7      | You add the spells Iskenderun's Battlesphere, Fireball,
                  | Conjure Ball Lightning and Orb of Destruction to your
                  | library.
  3007 | D:6      | Found a staircase to the Ecumenical Temple.
  3016 | Temple   | Entered the Ecumenical Temple
  3057 | Temple   | Became a worshipper of the Shining One
  3093 | D:6      | Noticed a cyan ugly thing
  3096 | D:6      | Found a sand-covered staircase.
  3102 | Ossuary  | Entered an ossuary
  3151 | Ossuary  | Reached XP level 6. HP: 32/32 MP: 9/9
  3184 | Ossuary  | Reached skill level 2 in Spellcasting
  3184 | Ossuary  | Reached skill level 1 in Conjurations
  3184 | Ossuary  | Reached skill level 1 in Invocations
  3197 | Ossuary  | Reached skill level 1 in Evocations
  3229 | Ossuary  | Reached * piety under the Shining One
  3250 | Ossuary  | Reached skill level 3 in Short Blades
  3326 | Ossuary  | Reached XP level 7. HP: 36/37 MP: 9/11
  3363 | Ossuary  | Reached skill level 2 in Conjurations
  3363 | Ossuary  | Reached skill level 2 in Invocations
  3388 | Ossuary  | Reached ** piety under the Shining One
  3407 | Ossuary  | Reached skill level 4 in Fighting
  3407 | Ossuary  | Reached skill level 2 in Evocations
  3415 | Ossuary  | Reached skill level 3 in Spellcasting
  3555 | D:6      | Killed a cyan ugly thing
  3556 | D:6      | Reached skill level 3 in Conjurations
  3556 | D:6      | Reached skill level 3 in Invocations
  3556 | D:6      | Gained mutation: You have razor-sharp teeth. [Vine Stalker
                  | growth]
  3556 | D:6      | Reached XP level 8. HP: 15/42 MP: 4/14
  3653 | D:6      | Reached skill level 4 in Short Blades
  3721 | D:5      | Entered Level 5 of the Dungeon
  3865 | D:5      | Noticed Eustachio
  3888 | D:5      | Killed Eustachio
  3889 | D:5      | Reached skill level 3 in Evocations
  4000 | D:5      | Reached skill level 4 in Spellcasting
  4164 | D:5      | You pick up a book of Fire and begin reading...
  4164 | D:5      | You add the spells Foxfire and Starburst to your library.
  4490 | D:5      | Reached skill level 5 in Fighting
  4490 | D:5      | Reached XP level 9. HP: 47/47 MP: 16/16
  5138 | D:4      | Found a runed translucent door.
  5139 | D:4      | Noticed Crazy Yiuf
  5309 | D:4      | Found a glowing silver altar of Zin.
  5310 | D:4      | Found an opulent altar of Gozag.
  5404 | D:4      | Killed Crazy Yiuf
  5529 | D:6      | Reached skill level 4 in Invocations
  5574 | D:6      | Reached skill level 4 in Conjurations
  5577 | D:6      | Noticed Edmund
  5586 | D:6      | Killed Edmund
  5649 | D:6      | Found a blossoming altar of Fedhas.
  5680 | D:6      | You pick up a book of Maledictions and begin reading...
  5680 | D:6      | You add the spells Anguish and Enfeeble to your library.
  5802 | D:6      | Reached skill level 4 in Evocations
  5903 | D:6      | Found a shadowy altar of Dithmenos.
  6406 | D:7      | Reached skill level 5 in Spellcasting
  6459 | D:7      | Noticed Joseph
  6473 | D:7      | Killed Joseph
  6474 | D:7      | Reached skill level 5 in Invocations
  6510 | D:7      | Reached skill level 5 in Conjurations
  6577 | D:7      | Found an iron altar of Okawaru.
  6836 | D:7      | Reached skill level 5 in Evocations
  6836 | D:7      | Reached XP level 10. HP: 37/51 MP: 19/19
  6856 | D:7      | Found a hide-covered altar of Uskayaw.
  7108 | D:8      | Reached skill level 6 in Spellcasting
  7210 | D:8      | You pick up a book of Lightning and begin reading...
  7210 | D:8      | You add the spells Static Discharge, Vhi's Electric Charge,
                  | Lightning Bolt and Arcjolt to your library.
  7407 | D:8      | Reached *** piety under the Shining One
  7529 | D:8      | Reached skill level 6 in Invocations
  7649 | D:8      | Reached skill level 6 in Conjurations
  7768 | D:9      | Found a radiant altar of Vehumet.
  8133 | D:9      | Reached skill level 7 in Spellcasting
  8383 | D:10     | Entered Level 10 of the Dungeon
  8553 | D:10     | Reached skill level 7 in Invocations
  8634 | D:10     | Reached skill level 7 in Conjurations
  8773 | D:10     | Reached XP level 11. HP: 29/55 MP: 15/23
  8775 | D:10     | Learned a level 1 spell: Foxfire
  8854 | D:10     | Found a staircase to the Lair.
  9036 | D:10     | Found a hazy altar of Hepliaklqana.
  9048 | D:10     | Found a shimmering blue altar of Sif Muna.
  9072 | D:10     | Reached skill level 8 in Spellcasting
  9425 | D:10     | Reached skill level 8 in Invocations
  9429 | D:10     | Reached skill level 8 in Conjurations
  9432 | D:10     | Found a basalt altar of Yredelemnul.
  9620 | Lair:1   | Entered Level 1 of the Lair of Beasts
  9945 | Lair:1   | Reached **** piety under the Shining One
 10658 | Lair:2   | Found a staircase to the Swamp.
 10658 | Lair:2   | Noticed a bog body
 10671 | Lair:2   | Reached skill level 9 in Spellcasting
 10678 | Lair:2   | Killed a bog body
 10679 | Lair:2   | Reached skill level 9 in Conjurations
 10679 | Lair:2   | Reached skill level 9 in Invocations
 10773 | Lair:2   | Found a staircase to the Snake Pit.
 10807 | Lair:2   | HP: 13/55 [elephant (1)]
 10809 | Lair:2   | HP: 3/55 [naga/+0 halberd of venom (6)]
 11129 | Lair:2   | Reached skill level 10 in Conjurations
 11556 | Lair:2   | Reached XP level 12. HP: 60/60 MP: 26/26
 11627 | Lair:3   | Noticed a five-headed hydra
 11648 | Lair:3   | Killed a five-headed hydra
 11649 | Lair:3   | Reached skill level 11 in Conjurations
 11819 | Lair:3   | Noticed a five-headed hydra
 11846 | Lair:3   | Killed a five-headed hydra
 11847 | Lair:3   | Reached skill level 12 in Conjurations
 11853 | Lair:3   | HP: 14/60 [blink frog (6)]
 12638 | Lair:4   | Identified the +10 long sword of Ocwucu Gofre {venom, rF-
                  | Str+5}
 12643 | Lair:4   | Noticed Snorg
 12656 | Lair:4   | Killed Snorg
 12657 | Lair:4   | Reached skill level 13 in Conjurations
 12778 | Lair:4   | Noticed a death yak
 12778 | Lair:4   | Noticed a death yak
 12778 | Lair:4   | Noticed a death yak
 12815 | Lair:4   | Killed a death yak
 13030 | Lair:4   | You add the spells Tukima's Dance, Passage of Golubria and
                  | Yara's Violent Unravelling to your library.
 13050 | Lair:4   | Noticed a death yak
 13097 | Lair:4   | Killed a death yak
 13098 | Lair:4   | Reached skill level 14 in Conjurations
 13108 | Lair:4   | Killed a death yak
 13116 | Lair:4   | Killed a death yak
 13117 | Lair:4   | Reached XP level 13. HP: 24/63 MP: 13/27
 13324 | Lair:4   | Reached skill level 15 in Conjurations
 13525 | Lair:4   | You pick up a book of Party Tricks and begin reading...
 13525 | Lair:4   | You add the spells Apportation and Alistair's Intoxication
                  | to your library.
 13812 | Lair:4   | You pick up a book of Flames and begin reading...
 13812 | Lair:4   | You add the spells Inner Flame, Sticky Flame and Flame Wave
                  | to your library.
 14052 | Lair:5   | Entered Level 5 of the Lair of Beasts
 14303 | Lair:5   | Noticed Rupert
 14303 | Lair:5   | Reached ***** piety under the Shining One
 14303 | Lair:5   | Noticed Nessos
 14340 | Lair:5   | Killed Rupert
 14369 | Lair:5   | Killed Nessos
 14370 | Lair:5   | Reached skill level 16 in Conjurations
 14499 | Lair:5   | Learned a level 7 spell: Orb of Destruction
 14564 | Lair:5   | HP: 15/63 [death yak (8)]
 14578 | Lair:5   | HP: 14/63 [death yak (10)]
 14713 | Lair:5   | Reached skill level 17 in Conjurations
 14847 | Lair:5   | HP: 14/63 [catoblepas (11)]
 14954 | Lair:5   | You pick up a book of Transfigurations {@e2} and begin
                  | reading...
 14954 | Lair:5   | You add the spells Irradiate, Blade Hands and Dragon Form
                  | to your library.
 15093 | Lair:5   | Found a viscous altar of Jiyva.
 15093 | Lair:5   | Found a staircase to the Slime Pits.
 15541 | Lair:5   | magus.rc [v1.9.6]
 15779 | D:11     | Found a runed translucent door.
 15782 | D:11     | Noticed Zonian's ghost (journeyman DjIE)
 15800 | D:11     | Reached XP level 14. HP: 40/68 MP: 20/28
 15817 | D:11     | Found a gate leading to a gauntlet.
 15826 | Gauntlet | Entered a Gauntlet
 15826 | Gauntlet | Found a transporter.
 15826 | Gauntlet | Found a transporter.
 15827 | Gauntlet | Found a transporter.
 15827 | Gauntlet | Found a transporter.
 15832 | Gauntlet | Found a transporter.
 15843 | Gauntlet | Found a transporter.
 15889 | Gauntlet | Found a transporter.
 15893 | Gauntlet | Found a transporter.
 15903 | Gauntlet | Found a transporter.
 15920 | Gauntlet | Found a large runed translucent door.
 15921 | Gauntlet | Found a large runed translucent door.
 15922 | Gauntlet | Found a large runed translucent door.
 15922 | Gauntlet | Found a large runed translucent door.
 15923 | Gauntlet | Found a runed translucent gate.
 15924 | Gauntlet | Found a transporter.
 15924 | Gauntlet | Found a runed translucent gate.
 15925 | Gauntlet | Found a runed translucent gate.
 15926 | Gauntlet | Found a large runed translucent door.
 15926 | Gauntlet | Found a large runed translucent door.
 15927 | Gauntlet | Found a large runed translucent door.
 15928 | Gauntlet | Found a large runed translucent door.
 15937 | Gauntlet | Found a large runed translucent door.
 15937 | Gauntlet | Found a large runed translucent door.
 15937 | Gauntlet | Found a runed translucent door.
 15937 | Gauntlet | Found a runed translucent door.
 15938 | Gauntlet | Found a large runed translucent door.
 15939 | Gauntlet | Found a large runed translucent door.
 15941 | Gauntlet | Found a transporter.
 15945 | Gauntlet | Found a transporter.
 16057 | Gauntlet | Identified the amulet of Kieq {Acrobat MP+9 Str+4 Stlth+}
 16090 | Gauntlet | Reached skill level 18 in Conjurations
 16109 | Gauntlet | Found a large runed translucent door.
 16141 | Gauntlet | Identified the +8 morningstar of the Cursing Gods {protect,
                  | rF+ rC- Int+7}
 16206 | Gauntlet | You pick up a book of Frost and begin reading...
 16206 | Gauntlet | You add the spells Freeze, Frozen Ramparts and Hailstorm to
                  | your library.
 16206 | Gauntlet | You pick up a book of Storms and begin reading...
 16206 | Gauntlet | You add the spells Airstrike and Summon Lightning Spire to
                  | your library.
 16684 | D:11     | HP: 16/68 [frozen (15)]
 16685 | D:11     | Killed Zonian's ghost
 16693 | D:11     | Identified the ring of Kouwk {rElec rF+}
 16930 | D:12     | Noticed osoart's ghost (journeyman GnSu)
 17004 | D:12     | Found a runed translucent door.
 17215 | D:12     | Found a staircase to the Orcish Mines.
 17467 | D:12     | Killed osoart's ghost
 17475 | D:12     | You add the spells Sandblast, Leda's Liquefaction,
                  | Borgnjor's Vile Clutch and Iron Shot to your library.
 17475 | D:12     | Got the Handbook of Clay
 17482 | D:12     | Learned a level 5 spell: Iskenderun's Battlesphere
 17547 | Orc:1    | Entered Level 1 of the Orcish Mines
 17637 | D:12     | Reached skill level 19 in Conjurations
 17856 | D:12     | Reached skill level 10 in Invocations
 18394 | Orc:2    | Entered Level 2 of the Orcish Mines
 18939 | Orc:2    | HP: 13/68 [orc knight/+0 glaive (14)]
 19343 | Orc:2    | Paralysed by an orc sorcerer for 4 turns
 19496 | Orc:2    | Found a staircase to the Elven Halls.
 19608 | Orc:2    | Found Nugyamm's Distillery.
 19608 | Orc:2    | Found Fiorys's Armour Boutique.
 19610 | Orc:2    | Found Daoron's General Store.
 19612 | Orc:2    | Found Kasuts's Assorted Antiques.
 20085 | Orc:2    | Learned a level 4 spell: Flame Wave
 20539 | D:13     | Reached skill level 1 in Transmutations
 20543 | D:13     | Reached XP level 15. HP: 58/72 MP: 29/29
 20584 | D:13     | Reached skill level 11 in Invocations
 20628 | D:13     | Noticed Jorgrun
 20643 | D:13     | HP: 11/72 [constriction (16)]
 20643 | D:13     | The Shining One protects you from harm!
 20644 | D:13     | Shot with an arrow by a centaur warrior

Vanquished Creatures
  Snorg (Lair:4)
  The ghost of osoart the Summoner, a journeyman GnSu of Fedhas (D:12)
  The ghost of Zonian the Spry, a journeyman DjIE of Ashenzari (D:11)
  A ghost crab (Gauntlet)
  2 hydras (Lair:3)
  3 catoblepae
  3 centaur warriors
  A boulder beetle (D:13)
  13 death yaks
  3 two-headed ogres
  A bog body (Lair:2)
  7 orc knights
  3 orc sorcerers
  4 manticores
  4 elephants (Lair:2)
  3 cyclopes
  2 ugly things
  An apocalypse crab (Gauntlet)
  Joseph (D:7)
  5 black mambas
  5 cane toads
  3 rime drakes
  3 unseen horrors
  4 komodo dragons
  A tengu conjurer (D:11)
  7 trolls
  3 polar bears
  A hornet (D:9)
  5 slime creatures
  A meliai zombie (D:10)
  8 blink frogs (Lair:3)
  A ynoxinul (D:12)
  5 shadows
  39 yaks
  A hog (shapeshifter) (D:11)
  3 wraiths
  6 wyverns
  Eustachio (D:5)
  4 small abominations (Gauntlet)
  A basilisk (Lair:3)
  4 steam dragons
  Edmund (D:6)
  3 nagas
  3 vampire mosquitoes (D:12)
  7 wargs
  6 water moccasins
  An acid dragon (D:11)
  An ice beast (D:7)
  A sky beast (D:7)
  35 orc warriors
  A black bear (D:5)
  4 ogres
  12 centaurs
  5 wolves (Lair:5)
  A phantom (D:6)
  2 kobold brigands (D:9)
  11 bullfrogs
  A necrophage (D:8)
  7 scorpions
  2 gnoll sergeants (D:8)
  6 killer bees
  5 howler monkeys
  4 centaur zombies
  2 gnoll boudas (D:7)
  8 hounds
  A jelly (D:6)
  4 human zombies (Ossuary)
  10 orc priests
  Crazy Yiuf (D:4)
  2 iguanas (D:5)
  20 orc wizards
  3 scorpion zombies (Ossuary)
  3 mummies (Ossuary)
  14 gnolls
  6 adders
  A shadow imp (D:6)
  2 white imps (D:8)
  An ufetubus (D:5)
  3 worms
  A dart slug (D:2)
  53 orcs
  3 ball pythons
  5 bats
  8 endoplasms
  3 giant cockroaches
  A gnoll zombie (Ossuary)
  3 goblins
  6 hobgoblins
  5 jackals (D:1)
  9 kobolds
  A quokka (D:3)
  3 frilled lizards
  3 hobgoblin zombies (Ossuary)
  3 kobold zombies (Ossuary)
  2 orc zombies (Ossuary)
  7 rats
482 creatures vanquished.

Vanquished Creatures (collateral kills)
  Rupert (Lair:5)
  Nessos (Lair:5)
  A minotaur (Gauntlet)
  A catoblepas (Lair:5)
  2 foxfires
6 creatures vanquished.

Vanquished Creatures (others)
  An orc wizard (Orc:1)
  An orc (Orc:1)
  2 kobolds (D:9)
  129 foxfires
  19 fungi
  42 plants
194 creatures vanquished.

Grand Total: 682 creatures vanquished

Table legend:
 A = Non-vault XP
 B = Vault XP
 C = Vault XP percentage of total XP
 D = Non-vault monster count
 E = Vault monster count
 F = Vault count percentage of total count
                 A         B        C        D         E       F
            +---------+---------+-------+---------+---------+-------
      Total |   53479 |   34882 |  39.5 |     352 |     134 |  27.6
            +---------+---------+-------+---------+---------+-------
        D:1 |      32 |       0 |   0.0 |      18 |       0 |   0.0
        D:2 |      64 |       0 |   0.0 |      24 |       0 |   0.0
        D:3 |      71 |       0 |   0.0 |      11 |       0 |   0.0
        D:4 |      35 |      40 |  53.3 |       9 |       1 |  10.0
        D:5 |     538 |     196 |  26.7 |      17 |       1 |   5.6
        D:6 |    1195 |     182 |  13.2 |      12 |       1 |   7.7
        D:7 |     622 |     799 |  56.2 |      14 |       5 |  26.3
        D:8 |     433 |     390 |  47.4 |       8 |      12 |  60.0
        D:9 |    1908 |       2 |   0.1 |      19 |       1 |   5.0
       D:10 |    2073 |    1077 |  34.2 |      20 |       3 |  13.0
       D:11 |    3914 |    3090 |  44.1 |      14 |       5 |  26.3
       D:12 |    9609 |    1137 |  10.6 |      48 |       2 |   4.0
       D:13 |    1911 |     996 |  34.3 |       3 |       3 |  50.0
     Lair:1 |    3302 |       0 |   0.0 |      15 |       0 |   0.0
     Lair:2 |    3478 |    1105 |  24.1 |      10 |       4 |  28.6
     Lair:3 |    6372 |     160 |   2.4 |      19 |       1 |   5.0
     Lair:4 |   10297 |     928 |   8.3 |      29 |       1 |   3.3
     Lair:5 |    2489 |   14556 |  85.4 |      10 |      25 |  71.4
      Orc:1 |    2488 |     265 |   9.6 |      24 |       3 |  11.1
      Orc:2 |    2648 |    6137 |  69.9 |      28 |      32 |  53.3
    Ossuary |       0 |     891 | 100.0 |       0 |      27 | 100.0
   Gauntlet |       0 |    2931 | 100.0 |       0 |       7 | 100.0
            +---------+---------+-------+---------+---------+-------

Illustrated notes

Table legend:
 A = Kills in this place as a percentage of kills in entire the game.
 B = Kills by you in this place as a percentage of kills by you in the entire game.
 C = Kills by friends in this place as a percentage of kills by friends in the entire game.
 D = Other kills in this place as a percentage of other kills in the entire game.
 E = Experience gained in this place as a percentage of experience gained in the entire game.
 F = Experience gained in this place divided by the number of levels of this place that you have seen.
                   A       B       C       D       E      F
               +-------+-------+-------+-------+-------+----------------------
         Total | 100.0 | 100.0 | 100.0 |   N/A | 100.0 | 3841.8
       Dungeon |  51.6 |  52.1 |   0.0 |   N/A |  34.3 | 2331.8
          Lair |  23.5 |  23.0 |  75.0 |   N/A |  48.3 | 8537.4
  Orcish Mines |  17.9 |  18.0 |   0.0 |   N/A |  13.1 | 5769.0
       Ossuary |   5.6 |   5.6 |   0.0 |   N/A |   1.0 | 891.0
      Gauntlet |   1.4 |   1.2 |  25.0 |   N/A |   3.3 | 2931.0
               +-------+-------+-------+-------+-------+----------------------

Table legend: (Time is in decaauts)
 A = Elapsed time spent in this place.
 B = Non-inter-level travel time spent in this place.
 C = Inter-level travel time spent in this place.
 D = Time resting spent in this place.
 E = Time spent auto-exploring this place.
 F = Levels seen in this place.
 G = Mean time per level.
                   A        B        C        D        E       F      G
               +--------+--------+--------+--------+--------+-----+--------+
         Total |  20948 |  19773 |   1175 |   1077 |  13632 |  23 |  910.8 |
       Dungeon |  11345 |  10641 |    704 |    509 |   7863 |  13 |  872.7 |
        Temple |     74 |     74 |      0 |      0 |      0 |   1 |   74.0 |
          Lair |   6245 |   5856 |    389 |      0 |   4482 |   5 | 1249.0 |
  Orcish Mines |   2445 |   2363 |     82 |    568 |   1110 |   2 | 1222.5 |
       Ossuary |    445 |    445 |      0 |      0 |    125 |   1 |  445.0 |
      Gauntlet |    391 |    391 |      0 |      0 |     51 |   1 |  391.0 |
               +--------+--------+--------+--------+--------+-----+--------+

Top non-repeatable levels by time:
  Lair:5: 1671 daAuts
  Lair:4: 1522 daAuts
   Orc:2: 1520 daAuts
    D:12: 1353 daAuts
     D:4: 1297 daAuts
     D:7: 1158 daAuts
    D:10: 1112 daAuts
  Lair:3: 1066 daAuts
     D:3: 1057 daAuts
  Lair:2: 1009 daAuts
  Lair:1: 976 daAuts
   Orc:1: 925 daAuts
     D:5: 834 daAuts
     D:1: 766 daAuts
     D:6: 763 daAuts
